 Dungeon Crawl Stone Soup version 0.23-a0-301-g9da9e51 (webtiles) character file.

42 RoseArtemis the Sneak (level 3, -6/24 HPs)
             Began as a Human Enchanter on Oct 7, 2018.
             Mangled by Terence
             ... wielding a +2 hand axe of electrocution
              (9 damage)
             ... on level 3 of the Dungeon.
             The game lasted 00:09:09 (2354 turns).

RoseArtemis the Sneak (Human Enchanter)             Turns: 2354, Time: 00:09:10

Health: -6/24      AC:  5    Str:  8    XL:     3   Next: 80%
Magic:  4/6        EV: 13    Int: 15    God:
Gold:   186        SH:  0    Dex: 14    Spells: 0/6 levels left

rFire    . . .     SeeInvis .   c - +3 dagger
rCold    . . .     Gourm    .   (no shield)
rNeg     . . .     Faith    .   b - +0 robe
rPois    .         Spirit   .   (no helmet)
rElec    .         Reflect  .   m - +0 cloak
rCorr    .         Harm     .   a - +1 pair of gloves
MR       .....                  (no boots)
Stlth    +++.......             (no amulet)
HPRegen  0.08/turn              n - ring of stealth
MPRegen  0.10/turn              (no ring)

@: no status effects
A: no striking features
a: no special abilities


You were on level 3 of the Dungeon.
You were not hungry.

You visited 1 branch of the dungeon, and saw 3 of its levels.

You collected 186 gold pieces.

Inventory:

Hand Weapons
 c - a +3 dagger (weapon)
Missiles
 l - 30 poisoned needles
Armour
 a - a +1 pair of gloves (worn)
 b - a +0 robe (worn)
 m - a +0 cloak (worn)
Jewellery
 n - a ring of stealth (left hand)
Scrolls
 e - a scroll of amnesia {unknown}
 g - a scroll of remove curse {unknown}
 j - a scroll of teleportation {unknown}
Potions
 f - 2 potions of heal wounds
 h - a potion of might
 i - a potion of lignification {unknown}
 k - 2 potions of ambrosia {unknown}
Comestibles
 d - 6 rations


   Skills:
 * Level 2.2 Short Blades
 + Level 2.4 Dodging
 + Level 3.3 Stealth
 - Level 2.0 Spellcasting
 + Level 3.3 Hexes


You couldn't memorise any spells.
You knew the following spells:

 Your Spells              Type           Power        Failure   Level  Hunger
a - Corona                Hex            ##.....      5%          1    #......
b - Ensorcelled Hibernat  Hex/Ice        #.....       17%         2    ###....
c - Confuse               Hex            ##......     17%         3    ###....

Your spell library contained the following spells:

 Spells                   Type           Power        Failure   Level  Hunger
 Tukima's Dance           Hex            ##......     17%         3    ###....
 Dazzling Spray           Conj/Hex       #.....       32%         3    ###....


Dungeon Overview and Level Annotations

Branches:
Dungeon (3/15)

Altars:
Ru

Annotations:
D:2 exclusion: downstairs
D:3 Terence


Message History

The kobold throws a stone.
The stone hits you.
Found a stone staircase leading down.
You see here a stone.
The kobold barely misses you.
Terence shouts!
You closely miss Terence.
Terence hits you with a hand axe of electrocution.
You are electrocuted!
Ouch! That really hurt!
* * * LOW HITPOINT WARNING * * *
The kobold hits you but does no damage.
You hit Terence. The kobold barely misses you.
Terence hits you with a hand axe of electrocution.
* * * LOW HITPOINT WARNING * * *
You see here a stone.
You hit the plant. The kobold barely misses you.
Terence hits you with a hand axe of electrocution.
* * * LOW HITPOINT WARNING * * *
You are electrocuted!
You die...

#.#...####.#
........##.# #
........##.##.#
.............#
...........##.#
##...#.#######
#..........# ## ###
#.##.P#..#.# .. ..#
#.....@@.# # #. #.#
#.#....K.#.#.##.##.# #
#......'...##....##
#...!P............# #
#....P...#..###...# #
#.P.P..#..........###
..#.####P........#...)
>..... .....##.<#.###
####. ######.##..#.# #


You could see Terence and a kobold.

Vanquished Creatures
  A dart slug (D:1)
  3 leopard geckos (D:2)
  An orc (D:3)
  3 giant cockroaches
  2 goblins (D:2)
  6 hobgoblins
  5 jackals
  3 kobolds
  A ball python (D:2)
  5 bats
30 creatures vanquished.

Notes
Turn   | Place    | Note
-------+----------+-------------------------------------------
     0 | D:1      | RoseArtemis the Human Enchanter began the quest for the
                  | Orb.
     0 | D:1      | Reached XP level 1. HP: 13/13 MP: 3/3
   409 | D:1      | Reached XP level 2. HP: 15/19 MP: 3/5
   779 | D:2      | Learned a level 2 spell: Ensorcelled Hibernation
   839 | D:2      | Found a sacrificial altar of Ru.
  1152 | D:2      | Reached XP level 3. HP: 10/24 MP: 1/6
  1815 | D:3      | Learned a level 3 spell: Confuse
  2034 | D:3      | Noticed Terence
  2354 | D:3      | Mangled by Terence

Vault maps used:
D:1:      mrwooster_arrival_statue_3
D:2:      nicolae_overflow_crystal_walls
D:3:      cheibrodos_old_hovel, led_xom_imps, uniq_terence

Skill      XL: |  1  2  3 |
---------------+----------+-----
Short Blades   | 2 |  2.2
Dodging        | |  2.4
Stealth        | |  3.3
Spellcasting   | |  2.0
Hexes          | |  3.3

Action                   || total
-------------------------++-------
Melee: Dagger            ||   109
 Cast: Corona            ||     7
       Ensorcelled Hiber ||    24
  Use: Scroll            ||     3
 Stab: Sleeping          ||    14
  Eat: Chunk             ||     3
       Ration            ||     1
Armor: Robe              ||    33
Dodge: Dodged            ||   101

Table legend:
 A = Non-vault XP
 B = Vault XP
 C = Vault XP percentage of total XP
 D = Non-vault monster count
 E = Vault monster count
 F = Vault count percentage of total count
                 A         B        C        D         E       F
            +---------+---------+-------+---------+---------+-------
      Total |      61 |       0 |   0.0 |      30 |       0 |   0.0
            +---------+---------+-------+---------+---------+-------
        D:1 |      10 |       0 |   0.0 |       4 |       0 |   0.0
        D:2 |      34 |       0 |   0.0 |      18 |       0 |   0.0
        D:3 |      17 |       0 |   0.0 |       8 |       0 |   0.0
            +---------+---------+-------+---------+---------+-------
